 Dungeon Crawl Stone Soup version 0.24.0-5-g267a8d59f4 (webtiles) character file.

Game seed: 11490558422932692188, levelgen mode: deterministic

709 roguesci the Ruffian (level 7, -3/68 HPs)
             Began as a Troll Monk on Nov 1, 2019.
             Slain by an ogre
             ... wielding a +0 giant spiked club
              (29 damage)
             ... on level 4 of the Dungeon.
             The game lasted 00:06:57 (3008 turns).

roguesci the Ruffian (Troll Monk)                   Turns: 3008, Time: 00:06:57

Health: -3/68      AC:  7    Str: 22    XL:     7   Next: 40%
Magic:  6/6        EV: 11    Int:  6    God:
Gold:   257        SH:  0    Dex: 12    Spells: 5/6 levels left

rFire    . . .     SeeInvis .     - Unarmed
rCold    . . .     Gourm    +   (no shield)
rNeg     . . .     Faith    .   a - +0 robe
rPois    .         Spirit   .   (helmet restricted)
rElec    .         Reflect  .   l - +0 cloak
rCorr    .         Harm     .   (gloves unavailable)
MR       .....                  (boots unavailable)
Stlth    ++........             (no amulet)
HPRegen  0.61/turn              (no ring)
MPRegen  0.10/turn              (no ring)

@: no status effects
A: large, unfitting armour, claws 3, fast metabolism 3, gourmand, regeneration
1, shaggy fur 1, tough skin 3
a: no special abilities


You were on level 4 of the Dungeon.
You were completely stuffed.

You visited 1 branch of the dungeon, and saw 4 of its levels.

You collected 257 gold pieces.

Inventory:

Hand Weapons
 v - the +5 spear "Giantslayer" {drain, rElec rPois rC-}
   (You found it on level 4 of the Dungeon)

   A truly terrible weapon, it drains the life of those it strikes.
   It makes you vulnerable to cold.
   It insulates you from electricity.
   It protects you from poison.
Missiles
 e - 186 stones (quivered)
Armour
 a - a +0 robe (worn)
 l - a +0 cloak (worn)
Wands
 w - a wand of flame (23)
 y - a wand of digging (4)
Scrolls
 c - 2 scrolls of remove curse {unknown}
 f - a scroll of fog {unknown}
 h - 5 scrolls of identify {unknown}
 i - 5 scrolls of teleportation {unknown}
 k - 3 scrolls of magic mapping {unknown}
 m - a scroll of enchant weapon {unknown}
 o - 3 scrolls of amnesia {unknown}
 r - a scroll of immolation {unknown}
 s - a scroll of blinking {unknown}
Potions
 d - a potion of agility
 g - 2 potions of curing {unknown}
 j - a potion of resistance {unknown}
 n - 2 potions of flight {unknown}
 p - a potion of haste {unknown}
 q - a potion of heal wounds {unknown}
 t - 2 potions of brilliance {unknown}
 u - a potion of lignification {unknown}
Comestibles
 b - 8 rations
 x - a chunk of flesh


   Skills:
 + Level 3.9 Fighting
 + Level 3.9 Dodging
 - Level 1.0 Stealth
 * Level 6.0 Unarmed Combat
 * Level 2.3 Transmutations


You had 5 spell levels left.
You knew the following spells:

 Your Spells              Type           Power        Failure   Level  Hunger
a - Beastly Appendage     Tmut           #.....       19%         1    ##.....

Your spell library contained the following spells:

 Spells                   Type           Power        Failure   Level  Hunger
 Sticks to Snakes         Tmut           #.......     28%         2    ###....
 Spider Form              Tmut/Pois      #.........   67%         3    ####...
 Ice Form                 Ice/Tmut       #.......     97%         4    #####..
 Blade Hands              Tmut           #.........   99%         5    ######.


Dungeon Overview and Level Annotations

Branches:
Dungeon (4/15)
 Temple: D:4-7

Altars:
Nemelex Xobeh
Uskayaw
Yredelemnul


Innate Abilities, Weirdness & Mutations

You are too large for most types of armour.
You have claws for hands.
Your metabolism is lightning-fast.
You like to eat raw meat.
Your natural rate of healing is unusually fast.
You are covered in fur. (AC +1)
You have extremely tough skin. (AC +3)


Message History

The iguana is severely wounded.
The ogre closely misses you. The iguana completely misses you.
You closely miss the iguana.
The iguana is severely wounded.
The ogre hits you with a +0 giant spiked club!!
You scratch the iguana. Your claw misses the iguana.
The iguana is severely wounded.
The iguana bites you!
There is an open door here.
You claw the iguana!
You kill the iguana!
You claw the ogre!
The ogre is heavily wounded.
The ogre hits you with a +0 giant spiked club!
You claw the ogre!
The ogre is severely wounded.
You scratch the ogre.
The ogre is almost dead.
The ogre hits you with a +0 giant spiked club!!
You die...

.##..##### #.......#...
.........# #...........
##.......# #...........
.#......># #######.#.#.
.'.......# #### #.#...
.#...#'### ##..## #.#.#.
##..##.# #....# #.#.##
....##.# ####....+ #.#...
######.## ##..##@.## #.#### #
#..# #....O#'### #####.#
#######.# #[...##...##+#..##.#
##......####..##.....##....))#
.........# #+##......)#....#.#
#........# #...8...##..##.#
#........# #.......##'##..#
#........# ##.....##..##.##
.........## ##..(##....#.#


You could see an ogre.

Vanquished Creatures
  An ogre (D:4)
  A scorpion (D:4)
  2 hounds (D:4)
  A bullfrog skeleton (D:4)
  A centaur skeleton (D:4)
  An orc priest (D:3)
  An orc wizard (D:4)
  2 iguanas (D:4)
  5 worker ants (D:4)
  11 adders
  A gnoll (D:4)
  An ooze (D:3)
  2 worms
  3 dart slugs
  A leopard gecko (D:3)
  20 orcs
  7 giant cockroaches
  9 hobgoblins
  2 jackals (D:1)
  A quokka (D:3)
  2 ball pythons
  8 bats
  3 frilled lizards
  13 goblins
  4 kobolds
  9 rats
112 creatures vanquished.

Notes
Turn   | Place    | Note
-------+----------+-------------------------------------------
     0 | D:1      | roguesci the Troll Monk began the quest for the Orb.
     0 | D:1      | Reached XP level 1. HP: 22/22 MP: 0/0
   296 | D:1      | Reached XP level 2. HP: 27/29 MP: 1/1
   842 | D:1      | Found a sparkling altar of Nemelex Xobeh.
   969 | D:2      | Reached XP level 3. HP: 30/36 MP: 2/2
  1013 | D:2      | Reached skill level 4 in Unarmed Combat
  1092 | D:2      | Reached XP level 4. HP: 43/44 MP: 3/3
  1143 | D:2      | Found a basalt altar of Yredelemnul.
  1538 | D:2      | Found a hide-covered altar of Uskayaw.
  1595 | D:2      | Found a sparkling altar of Nemelex Xobeh.
  1708 | D:3      | Reached XP level 5. HP: 42/53 MP: 4/4
  2075 | D:3      | Reached skill level 5 in Unarmed Combat
  2391 | D:4      | Learned a level 1 spell: Beastly Appendage
  2431 | D:4      | Reached XP level 6. HP: 51/61 MP: 5/5
  2559 | D:4      | Got a bloodstained spear
  2560 | D:4      | Identified the +5 spear "Giantslayer" {drain, rElec rPois
                  | rC-} (You found it on level 4 of the Dungeon)
  2611 | D:4      | Reached skill level 1 in Transmutations
  2926 | D:4      | Reached XP level 7. HP: 65/68 MP: 6/6
  2957 | D:4      | Reached skill level 6 in Unarmed Combat
  3008 | D:4      | Slain by an ogre

Levels and vault maps discovered:
D:1:      lemuel_arrival_hallway, layout_loops_corners,
          nemelex_diamond_rough_becter
D:2:      layout_loops_ring, nicolae_overflow_hidden_temple, minmay_mini_jars
D:3:      layout_basic, minmay_misc_feat_ornament, minmay_distorted
D:4:      minmay_bubble_buster, layout_basic, roderic_filled_cross

Skill      XL: |  1  2  3  4  5  6  7 |
---------------+----------------------+-----
Unarmed Combat | 4 5 6 |  6.0
Fighting       | 3 |  3.9
Dodging        | 3 |  3.9
Transmutations | 1 2 |  2.3
Stealth        | |  1.0

Action                   |  1- 3 |  4- 6 |  7- 9 || total
-------------------------+-------+-------+-------++-------
Melee: Unarmed           |    80 |   171 |    38 ||   289
       Punch             |     1 |     3 |     1 ||     5
       Kick              |       |       |     1 ||     1
 Cast: Beastly Appendage |       |       |     1 ||     1
 Stab: Sleeping          |     2 |     2 |       ||     4
  Eat: Chunk             |    13 |    19 |     1 ||    33
Armor: Robe              |    24 |    62 |    10 ||    96
Dodge: Dodged            |    36 |    67 |    21 ||   124
